 Dungeon Crawl Stone Soup version 0.32-a0-918-g0f22ef8d61 (webtiles) character file.

Game seed: 5662848357987942372

247 innerfire43 the Trooper (level 5, -3/42 HPs)
             Began as a Demonspawn Wanderer on Apr 10, 2024.
             Killed from afar by Natasha (9 damage)
             ... with a magic dart
             ... on level 3 of the Dungeon.
             The game lasted 00:03:11 (2084 turns).

innerfire43 the Trooper (Demonspawn Wanderer)       Turns: 2084, Time: 00:03:11

Health: -3/42      AC:  0    Str: 19    XL:     5   Next: 85%
Magic:  8/8        EV: 16    Int: 10    God:
Gold:   72         SH:  0    Dex: 15    Spells: 7/8 levels left

rFire   . . .        q - melded +0 war axe
rCold   . . .        (shield currently unavailable)
rNeg    . . .        d - melded +0 leather armour
rPois   .            b - melded +0 helmet
rElec   .            (cloak currently unavailable)
rCorr   .            (gloves currently unavailable)
SInv    .            k - melded +0 pair of boots
Will    .....        h - amulet of regeneration
Stlth   ++           l - melded ring of wizardry
HPRegen 1.07/turn    (ring currently unavailable)
MPRegen 0.11/turn

%: no passive effects
@: bat-form, flying, slowed, quick
A: fast, flying, no casting, tiny, rugged brown scales 1, (spiny 1)
a: no special abilities


You were on level 3 of the Dungeon.
You were a bat.
You visited 1 branch of the dungeon, and saw 3 of its levels.

You collected 72 gold pieces.

Inventory:

Hand Weapons
 a - a +0 hand axe
 q - a +0 war axe (melded)
Armour
 b - a +0 helmet (melded)
 d - a +0 leather armour (melded)
 i - a +0 leather armour
 k - a +0 pair of boots (melded)
Jewellery
 h - an amulet of regeneration (around neck)
 l - a ring of wizardry (melded)
 m - a ring of willpower
Scrolls
 f - 4 scrolls of identify {unknown}
 o - 2 scrolls of immolation {unknown}
 r - a scroll of enchant armour {unknown}
 s - a scroll of vulnerability {unknown}
Potions
 c - a potion of might
 e - a potion of haste {unknown}
 g - 2 potions of brilliance {unknown}
 j - a potion of invisibility {unknown}
 n - 2 potions of degeneration {unknown}
 p - a potion of attraction {unknown}


   Skills:
 + Level 3.4 Fighting
 + Level 3.1 Axes
 - Level 1.0 Throwing
 + Level 3.1 Armour
 - Level 1.7 Stealth
 - Level 2.0 Spellcasting
 - Level 1.7 Earth Magic


You had 7 spell levels left.
You knew the following spells:

 Your Spells              Type           Power      Damage    Failure   Level
a - Sandblast             Erth           8%         2d5       16%         1

Your spell library contained the following spells:

 Spells                   Type           Power      Damage    Failure   Level
 Passwall                 Erth           4%         N/A       41%         3
 Leda's Liquefaction      Alch/Erth      1%         N/A       91%         4


Dungeon Overview and Level Annotations

Branches:
Dungeon (3/15)

Altars:
Okawaru

Shops:
D:2 !

Annotations:
D:3 Natasha


Innate Abilities, Weirdness & Mutations

You are a bat.
You are tiny and dextrous.
You move quickly.
You are flying.
Your equipment is almost entirely melded.
You are incapable of wielding weapons or throwing items.
You cannot cast spells.
(You are partially covered in rugged brown scales. (AC +1, +3% HP))
((You are partially covered in sharp spines.))


Message History

You hit Natasha.
Natasha is moderately wounded.
The cerulean imp misses you. Natasha misses you.
The cerulean imp closely misses you.
You barely miss Natasha.
Natasha is moderately wounded.
Natasha barely misses you. The cerulean imp closely misses you.
You hit Natasha.
Natasha is heavily wounded.
Natasha completely misses you.
The cerulean imp hits you from afar with a +0 spear.
Natasha misses you.
Unknown command.
You hit Natasha.
Natasha is severely wounded.
The cerulean imp hits you from afar with a +0 spear.
Natasha stares at you and mumbles some strange words.
The magic dart hits you! The cerulean imp barely misses you.
You hit Natasha.
Natasha is severely wounded.
Natasha closely misses you.
The cerulean imp hits you from afar with a +0 spear.
You barely miss Natasha.
Natasha is severely wounded.
Natasha growls.
Natasha claws you!
* * * LOW HITPOINT WARNING * * *
The cerulean imp hits you from afar with a +0 spear.
* * * LOW HITPOINT WARNING * * *
Natasha stares at you and mumbles some strange words.
The magic dart hits you.
* * * LOW HITPOINT WARNING * * *
The cerulean imp hits you from afar with a +0 spear.
* * * LOW HITPOINT WARNING * * *
You miss Natasha.
Natasha is severely wounded.
Natasha casts a spell at you. The magic dart hits you!
You die...
Natasha curls up and begins to purr.

#....# #....#
###....###########
......)...........
###....###.#######
#....# #.# #..
#...†###.# #5#
####...#.# #h#
#...#.### #b#
#...#...# #.#
#...###.###.##
#...# #......#
######†..##########
..(...........
#####.#.######
#.#.# #.#.#


You could see Natasha and a cerulean imp (summoned).

Vanquished Creatures
  Sigmund (D:3)
  An adder (D:2)
  3 dart slugs (D:1)
  A ribbon worm (D:2)
  4 endoplasms
  4 giant cockroaches
  4 goblins
  2 hobgoblins
  6 jackals (D:2)
  2 quokkas (D:1)
  5 ball pythons
  11 bats
  7 frilled lizards
  7 kobolds
  4 rats
62 creatures vanquished.

Notes
Turn   | Place    | Note
-------+----------+-------------------------------------------
     0 | D:1      | innerfire43 the Demonspawn Wanderer began the quest for the
                  | Orb.
     0 | D:1      | innerfire43 set off with the following items: a +0 hand
                  | axe, a +0 helmet, a potion of might, a +0 leather armour;
                  | and the following spell memorised: Sandblast; and the
                  | following spells available to memorise: Passwall, Leda's
                  | Liquefaction.
     0 | D:1      | Reached XP level 1. HP: 15/15 MP: 3/3
   125 | D:1      | Gained mutation: You are partially covered in rugged brown
                  | scales. (AC +1, +3% HP) [demonic ancestry]
   125 | D:1      | Reached XP level 2. HP: 15/21 MP: 5/5
   700 | D:1      | Found a faded altar of an unknown god.
   850 | D:1      | Gained mutation: You are partially covered in sharp spines.
                  | [demonic ancestry]
   850 | D:1      | Reached XP level 3. HP: 27/27 MP: 6/6
  1295 | D:2      | Found Radobb's Distillery.
  1415 | D:2      | Found an iron altar of Okawaru.
  1726 | D:2      | Reached XP level 4. HP: 35/35 MP: 7/7
  1998 | D:3      | Noticed Sigmund
  2007 | D:3      | Killed Sigmund
  2008 | D:3      | Reached XP level 5. HP: 28/42 MP: 8/8
  2073 | D:3      | Noticed Natasha
  2084 | D:3      | Killed from afar by Natasha

Illustrated notes

Levels and vault maps discovered:
D:1:      minmay_arrival_plants_in_alcoves, layout_basic,
          shapermc_ecumenical_altar_mp_urbaneastern, serial_bayou_crossing
D:2:      layout_loops_ring, serial_shops, shop, basic_altar
D:3:      layout_basic, uniq_natasha, uniq_sigmund, uniq_crazy_yiuf_cottage

Skill      XL: |  1  2  3  4 |
---------------+-------------+-----
Fighting       | 2 3 |  3.4
Axes           | 2 3 |  3.1
Armour         | 2 3 |  3.1
Throwing       | |  1.0
Stealth        | |  1.7
Spellcasting   | |  2.0
Earth Magic    | |  1.7

Action                     |  1- 3 |  4- 6 || total
---------------------------+-------+-------++-------
  Melee: Hand axe          |   120 |     8 ||   128
         War axe           |       |    14 ||    14
         Unarmed           |       |     7 ||     7
   Stab: Sleeping          |     3 |     1 ||     4
 Armour: Leather armour    |   103 |    17 ||   120
         Skin              |       |     9 ||     9
  Dodge: Dodged            |    71 |    21 ||    92

Table legend: (Time is in decaauts)
 A = Elapsed time spent in this place.
 B = Non-inter-level travel time spent in this place.
 C = Inter-level travel time spent in this place.
 D = Time resting spent in this place.
 E = Time spent auto-exploring this place.
 F = Levels seen in this place.
 G = Mean time per level.
                   A        B        C        D        E       F      G
               +--------+--------+--------+--------+--------+-----+--------+
         Total |   2128 |   1883 |    245 |      0 |   1374 |   3 |  709.3 |
       Dungeon |   2128 |   1883 |    245 |      0 |   1374 |   3 |  709.3 |
               +--------+--------+--------+--------+--------+-----+--------+

Top non-repeatable levels by time:
     D:1: 1275 daAuts
     D:2: 655 daAuts
     D:3: 198 daAuts
